Map: Orbital Shipyard

Players

capac - Winner!

  • Race: Terran Terran
  • League: Gold

taktic

  • Race: Protoss Protoss
  • League: Platinum

VOD

Have the link to the VOD?

Description

Time

  • Played on: March 8, 2016, 2:51 p.m.
  • Length: 15:23
Show
View Real Time Build Order
Export as new Build Order

capac Terran - Winner!

Build Orders: MMM Bio 

Get SALT Encoding   

  12  0:01  SCV  
  13  0:13  SCV  
  14  0:18  Supply Depot  
  14  0:25  SCV  
  15  0:40  SCV  
  15  0:41  Barracks  
  16  0:45  Refinery  
  16  0:55  SCV  
  17  1:07  SCV  
  18  1:19  SCV  
  19  1:30  Barracks Reactor  
  19  1:31  SCV  
  20  1:37  Command Center  
  20  1:43  SCV  
  21  1:57  Orbital Command  
  21  2:08  Supply Depot, Marine x2  
  23  2:29  Marine x2  
  26  2:30  SCV  
  26  2:35  Factory  
  26  2:42  SCV  
  26  2:43  Barracks  
  27  2:49  Marine  
  27  2:50  Marine  
  29  2:54  SCV  
  30  3:04  Orbital Command  
  30  3:07  Refinery  
  30  3:09  Marine  
  30  3:10  Engineering Bay  
  30  3:21  Factory Reactor  
  30  3:22  Starport  
  30  3:24  SCV  
  31  3:31  SCV  
  31  3:32  Marine x2  
  34  3:36  Barracks Tech Lab, SCV  
  35  3:44  Supply Depot  
  35  3:47  SCV  
  36  3:52  Marine x2  
  36  3:54  SCV  
  39  4:05  Marine  
  40  4:10  Marine x2  
  40  4:11  Medivac  
  40  4:12  Medivac  
  40  4:15  SCV x2  
  48  4:19  Refinery  
  48  4:22  Marine  
  48  4:23  Stimpack  
  49  4:27  Marine  
  49  4:28  Marine  
  49  4:29  Supply Depot  
  49  4:31  SCV x2  
  53  4:39  Factory Tech Lab  
  53  4:43  SCV  
  54  4:46  Barracks  
  54  4:56  Marine x2  
  54  4:58  Siege Tank  
  59  5:07  Barracks  
  59  5:08  Command Center  
  59  5:19  Medivac  
  61  5:22  SCV  
  62  5:38  Supply Depot, Marine  
  62  5:39  Supply Depot, Marine, SCV  
  62  5:40  Medivac  
  55  6:09  Marine x2  
  55  6:10  Marine  
  57  6:12  Siege Tank, Barracks Reactor  
  57  6:13  Barracks Reactor  
  60  6:19  Terran Infantry Weapons Level 1, Supply Depot  
  60  6:27  Marine x3  
  60  6:32  Combat Shields  
  63  6:34  SCV x2  
  65  6:41  Refinery  
  65  6:45  Orbital Command  
  65  7:02  Marine x5  
  65  7:03  Marine x2  
  65  7:04  Medivac x2  
  65  7:05  SCV  
  65  7:06  SCV  
  78  7:17  Missile Turret  
  78  7:18  Missile Turret  
  78  7:20  SCV  
  78  7:21  Missile Turret  
  78  7:22  Marine x6  
  82  7:24  Marine  
  86  7:32  SCV  
  86  7:33  Siege Tank  
  86  7:35  SCV x2  
  92  7:40  Marine x6  
  92  7:41  Supply Depot  
  98  7:51  SCV x2  
  100  7:52  SCV  
  100  7:55  Supply Depot  
  100  7:58  Marine x5  
  106  8:06  SCV x3  
  108  8:29  Marine x4  
  108  8:30  Marine x2  
  108  8:31  Siege Tank  
  113  8:49  Marine x5  
  113  8:50  Marine  
  125  9:00  SCV x3  
  125  9:02  Supply Depot x2  
  128  9:03  Siege Tank  
  131  9:12  Viking, SCV  
  131  9:13  Viking  
  116  9:33  SCV x3  
  116  9:36  Missile Turret  
  119  9:39  Missile Turret  
  119  9:41  Starport, Marine x4  
  119  9:42  Starport, Marine x3  
  119  9:45  SCV  
  127  9:56  Terran Infantry Armor Level 1  
  127  9:59  Viking, Marine x4  
  133  10:00  Viking  
  133  10:12  SCV  
  133  10:13  SCV x2  
  136  10:15  Refinery  
  136  10:16  Refinery  
  136  10:25  SCV x3  
  136  10:26  Starport Reactor  
  136  10:27  Starport Reactor  
  139  10:29  Viking  
  139  10:32  Siege Tank  
  139  10:33  Marine x6  
  139  10:34  Marine  
  151  10:40  Viking  
  151  10:42  Factory  
  153  10:51  Marine  
  153  10:54  SCV x2  
  156  10:58  Marine  
  157  11:14  Command Center  
  157  11:18  Supply Depot  
  157  11:21  Supply Depot  
  157  11:22  Missile Turret  
  157  11:24  Missile Turret  
  157  11:32  Viking x4, Marine x4, Siege Tank, SCV  
  173  11:33  Viking, Marine, Medivac  
  173  11:38  Factory Tech Lab  
  178  11:50  Supply Depot  
  178  11:56  Engineering Bay, Armory  
  178  12:22  Medivac x5  
  119  14:31  Marine x6  
  118  14:32  Marine  
  115  14:48  Marine  
  115  14:49  Marine x3  
  118  15:21  Barracks  
Show
View Real Time Build Order
Export as new Build Order

taktic Protoss 

Build Orders: Nexus First, Oracle Opening 

Get SALT Encoding   

  12  0:01  Probe (Chrono Boost)  
  13  0:12  Probe (Chrono Boost)  
  14  0:19  Pylon  
  14  0:22  Probe (Chrono Boost)  
  15  0:37  Probe (Chrono Boost)  
  16  0:56  Nexus  
  16  1:08  Gateway  
  16  1:10  Probe (Chrono Boost)  
  17  1:19  Assimilator  
  17  1:20  Probe (Chrono Boost)  
  18  1:26  Assimilator  
  18  1:31  Probe (Chrono Boost)  
  19  1:41  Probe (Chrono Boost)  
  20  1:52  Probe (Chrono Boost)  
  21  2:01  Cybernetics Core  
  21  2:02  Probe (Chrono Boost), Pylon  
  21  2:08  Probe (Chrono Boost)  
  23  2:13  Probe (Chrono Boost)  
  24  2:22  Probe (Chrono Boost)  
  25  2:23  Pylon  
  25  2:31  Probe (Chrono Boost)  
  25  2:34  Probe (Chrono Boost)  
  27  2:42  Mothership Core (Chrono Boost)  
  27  2:43  Warp Gate  
  29  2:44  Probe (Chrono Boost)  
  29  2:45  Stalker  
  32  2:55  Probe (Chrono Boost)  
  32  3:00  Probe (Chrono Boost)  
  32  3:03  Stargate  
  32  3:05  Probe (Chrono Boost)  
  34  3:08  Forge  
  34  3:11  Probe (Chrono Boost)  
  35  3:16  Probe (Chrono Boost)  
  36  3:21  Probe (Chrono Boost)  
  36  3:23  Assimilator  
  36  3:26  Probe (Chrono Boost)  
  38  3:27  Assimilator  
  38  3:32  Probe (Chrono Boost)  
  39  3:37  Probe (Chrono Boost)  
  39  3:38  Pylon  
  40  3:42  Probe (Chrono Boost)  
  40  3:46  Probe (Chrono Boost), Oracle (Chrono Boost)  
  45  3:52  Photon Cannon  
  45  3:54  Probe  
  46  4:00  Photon Cannon  
  47  4:08  Probe  
  47  4:09  Probe, Sentry  
  50  4:19  Probe, Robotics Facility  
  50  4:20  Oracle (Chrono Boost)  
  50  4:22  Probe  
  55  4:30  Probe  
  55  4:34  Probe  
  57  4:40  Probe  
  58  4:47  Probe  
  58  4:51  Oracle (Chrono Boost)  
  62  4:55  Gateway  
  62  4:58  Stargate  
  62  5:03  Pylon  
  62  5:19  Probe  
  62  5:21  Probe, Observer (Chrono Boost)  
  65  5:30  Void Ray  
  68  5:39  Nexus  
  65  5:44  Pylon  
  65  5:46  Pylon  
  65  5:49  Pylon  
  59  5:56  Adept  
  59  5:58  Adept  
  59  6:00  Probe  
  59  6:01  Probe  
  63  6:11  Probe  
  63  6:13  Void Ray  
  63  6:14  Probe  
  69  6:21  Probe  
  70  6:26  Probe  
  70  6:32  Probe  
  71  6:34  Void Ray, Fleet Beacon  
  71  6:38  Probe  
  77  6:40  Protoss Ground Weapons Level 1  
  77  6:42  Probe  
  78  6:49  Stargate  
  78  6:59  Probe  
  78  7:00  Photon Cannon  
  79  7:02  Pylon  
  79  7:06  Pylon  
  79  7:07  Void Ray  
  83  7:12  Probe  
  84  7:16  Pylon  
  84  7:18  Pylon  
  84  7:19  Probe  
  85  7:24  Assimilator  
  85  7:25  Adept x2  
  85  7:29  Assimilator  
  89  7:31  Carrier (Chrono Boost)  
  95  7:38  Probe, Graviton Catapult  
  95  7:40  Probe  
  97  7:55  Photon Cannon  
  103  8:06  Carrier (Chrono Boost)  
  103  8:08  Adept x2  
  107  8:25  Twilight Council  
  81  8:45  Adept x2  
  80  9:08  Gateway  
  80  9:09  Gateway  
  80  9:11  Adept x2  
  80  9:12  Gateway  
  84  9:29  Probe x2  
  82  9:37  Adept x2  
  82  9:38  Nexus  
  86  9:44  Gateway  
  86  9:46  Gateway  
  86  9:47  Protoss Air Weapons Level 1 (Chrono Boost)  
  86  9:49  Gateway  
  86  9:50  Carrier (Chrono Boost)  
  86  9:51  Carrier (Chrono Boost)  
  98  9:53  Gateway  
  98  9:55  Pylon  
  98  9:59  Adept x2  
  102  10:05  Photon Cannon  
  102  10:09  Protoss Ground Weapons Level 2  
  102  10:19  Assimilator  
  102  10:26  Pylon  
  102  10:27  Pylon  
  108  10:36  Carrier (Chrono Boost)  
  108  10:40  Mothership Core  
  110  10:57  Stalker x3  
  112  10:58  Stalker x2  
  126  11:27  Probe  
  126  11:28  Probe x2  
  129  11:36  Carrier  
  135  11:41  Nexus  
  135  11:52  Pylon  
  135  11:55  Carrier  
  135  11:58  Pylon  
  135  12:08  Pylon  
  141  12:13  Resonating Glaives  
  141  12:29  Probe, Dark Shrine  
  141  12:30  Probe x2  
  141  12:35  Stalker x4  
  141  12:36  Stalker x2  
  156  12:37  Stalker  
  156  12:40  Stalker  
  156  12:41  Stalker  
  162  12:55  Probe x2  
  162  12:56  Probe x2  
  166  13:02  Stalker x2  
  166  13:03  Stalker x3  
  134  13:36  Pylon x2  
  134  13:39  Pylon  
  134  13:40  Pylon  
  123  13:45  Dark Templar x2  
  92  14:04  Dark Templar x2  
  92  14:05  Dark Templar x4  
  76  14:37  Stalker  
  76  14:38  Stalker x2  
  68  14:54  Stalker  
  68  14:55  Stalker x2  
Tags
 
Add a new tag
Caveats
  • Supply blocks, unpowered buildings, or Contaminate may cause inaccurate times.
  • Supply counts are checked every 10 seconds.